 Dungeon Crawl Stone Soup version 0.32-a0-701-g6677626 (webtiles) character file.

Game seed: 1130366693205891731

3874 Toastz the Jinx (level 10, -2/84 HPs)
             Began as a Grey Draconian Enchanter on Mar 13, 2024.
             Was a Believer of Dithmenos.
             Slain by a seven-headed hydra (8 damage)
             ... on level 9 of the Dungeon.
             The game lasted 00:18:14 (7812 turns).

Toastz the Jinx (Grey Draconian Enchanter)          Turns: 7812, Time: 00:18:15

Health: -2/84      AC: 12    Str: 10    XL:     10   Next: 0%
Magic:  13/13      EV: 12    Int: 20    God:    Dithmenos [**....]
Gold:   354        SH:  0    Dex: 12    Spells: 2/13 levels left

rFire   . . .        a - +2 dagger (venom)
rCold   + . .        (no shield)
rNeg    . . .        (body armour unavailable)
rPois   .            (helmet restricted)
rElec   .            (no cloak)
rCorr   .            (no gloves)
SInv    .            (no boots)
Will    .....        (no amulet)
Stlth   ++++         v - ring of protection from cold
HPRegen 0.34/turn    p - +4 ring of slaying
MPRegen 0.13/turn

%: no passive effects
@: about to teleport, wreathed by umbra, invisible
A: mud breath, mud-swimmer, AC +12, amphibious, unfitting armour, cold-blooded
a: Mud Breath, Renounce Religion, Shadow Step


You were on level 9 of the Dungeon.
You worshipped Dithmenos.
Dithmenos was pleased with you.
You visited 2 branches of the dungeon, and saw 10 of its levels.

You collected 354 gold pieces.

Inventory:

Hand Weapons
 a - a +2 dagger of venom (weapon)
Missiles
 r - 13 poisoned darts (quivered)
 z - a throwing net
Armour
 A - a +0 kite shield
Jewellery
 h - a ring of positive energy
 p - a +4 ring of slaying (right hand)
 v - a ring of protection from cold (left hand)
 C - an amulet of faith
Wands
 l - a wand of flame (17)
 u - a wand of paralysis (14)
 F - a wand of polymorph (15)
Scrolls
 d - 2 scrolls of blinking
 i - 3 scrolls of silence
 k - a scroll of teleportation
 m - a scroll of amnesia {unknown}
 o - a scroll of brand weapon
 q - 3 scrolls of fear
 s - a scroll of fog {unknown}
 t - a scroll of enchant armour {unknown}
 w - 2 scrolls of revelation {unknown}
 y - a scroll of vulnerability {unknown}
 B - a scroll of identify
 E - a scroll of noise {unknown}
Potions
 b - a potion of invisibility
 c - 4 potions of heal wounds
 e - a potion of magic {unknown}
 f - 5 potions of degeneration {unknown}
 g - 4 potions of brilliance
 j - 4 potions of haste {unknown}
 n - 6 potions of curing {unknown}
 x - a potion of might {unknown}
 D - 2 potions of enlightenment {unknown}
 G - a potion of attraction {unknown}


   Skills:
 + Level 6.4 Fighting
 + Level 6.0 Short Blades
 + Level 3.5 Dodging
 + Level 6.5 Stealth
 - Level 2.0 Spellcasting
 + Level 3.0 Conjurations
 * Level 8.2 Hexes
 - Level 2.0 Ice Magic


You had 2 spell levels left.
You knew the following spells:

 Your Spells              Type           Power      Damage    Failure   Level
a - Ensorcelled Hibernat  Hex/Ice        44%        N/A       3%          2
b - Confusing Touch       Hex            35%        N/A       1%          3
c - Tukima's Dance        Hex            35%        N/A       1%          3
d - Dazzling Flash        Conj/Hex       48%        N/A       4%          3

Your spell library contained the following spells:

 Spells                   Type           Power      Damage    Failure   Level


Dungeon Overview and Level Annotations

Branches:
Dungeon (9/15)             Temple (1/1) D:7
   Lair: D:8-11         Orc: D:9-12

Altars:
Ashenzari
Dithmenos
Elyvilon
Fedhas
Gozag
Hepliaklqana
Kikubaaqudgha
Makhleb
Nemelex Xobeh
Okawaru
Qazlal
Ru
Sif Muna
Trog
Uskayaw
Vehumet
Wu Jian
Xom
Yredelemnul
Zin
The Shining One

Shops:
D:2 (   D:8 (


Innate Abilities, Weirdness & Mutations

You can breathe torrents of mud.
You are unimpeded by mud.
Your dull iron-grey scales are very hard. (AC +12)
You are amphibious.
You cannot fit into any form of body armour.
You are cold-blooded and may be slowed by cold attacks.


Message History

You open the door.
There is an open door here.
You open the door.
The seven-headed hydra roars!
There is an open door here.
You open the door.
Found 6 gold pieces.
The seven-headed hydra attacks as it pursues you!
The seven-headed hydra bites you. The seven-headed hydra misses you.
The seven-headed hydra bites you! The seven-headed hydra bites you.
The seven-headed hydra bites you but does no damage.
The seven-headed hydra bites you! The seven-headed hydra bites you.
There is an open door, spattered with blood here.
Okay, then.
You fade into invisibility!
The seven-headed hydra bites you!
The seven-headed hydra bites you but does no damage.
The seven-headed hydra bites you!
The seven-headed hydra bites you but does no damage.
The seven-headed hydra bites you!
The seven-headed hydra barely misses you.
The seven-headed hydra bites you but does no damage.
You hit the seven-headed hydra. You tail-slap the seven-headed hydra.
The seven-headed hydra is lightly wounded.
The seven-headed hydra misses you. The seven-headed hydra bites you.
The seven-headed hydra barely misses you. x2
The seven-headed hydra closely misses you.
The seven-headed hydra bites you.
* * * LOW HITPOINT WARNING * * *
The seven-headed hydra bites you.
* * * LOW HITPOINT WARNING * * *
As you read the scroll of teleportation, it crumbles to dust.
You feel strangely unstable. The seven-headed hydra bites you!
* * * LOW HITPOINT WARNING * * *
The seven-headed hydra barely misses you.
The seven-headed hydra misses you.
The seven-headed hydra bites you but does no damage.
The seven-headed hydra barely misses you.
The seven-headed hydra bites you!
You die...

#.##.......[.......###......
##.##..######.##.............
#......### #.##.#..#.#......
#.'###...####.#...<.#.##.....
#.#.####...##.........###...#
###.#.# ###.................##
#...#.# ###.....#....####... #
#.#.#.# #####............## #
#.#.#.# ###.@D###...#.####.##
###.#.#.. ###..###u.###...###
.##
......#.###..####'##..###...##.#
.##.#.#.#..### ß.#u# #..###....#
.##.#.#..### ß.$.#.. #..###).#
.##...'### ß.... #.. . #..#
.##...## ...~. #... #..# .###..+
.~ß. #!## #..# ## #..# ...~
###.. #).#


You could see a seven-headed hydra (unable to see you) and a purple ugly thing
(unable to see you).

Vanquished Creatures
  A hornet (D:8)
  Sigmund (D:2)
  A wraith (D:8)
  A steam dragon (D:8)
  A water moccasin (D:8)
  An orc warrior (D:7)
  2 ice beasts
  3 sky beasts
  5 black bears
  An ogre (D:6)
  A centaur (D:9)
  A kobold brigand (D:8)
  A bullfrog (D:7)
  6 wights
  5 electric eels (D:8)
  4 howler monkeys
  2 bombardier beetles
  An orc priest (D:8)
  4 hounds
  2 jellies
  A sleepcap (D:8)
  2 gnoll boudas
  4 iguanas
  3 orc wizards
  A mummy (D:5)
  5 gnolls
  6 adders
  A shadow imp (D:7)
  2 white imps
  2 ufetubi (D:6)
  3 dart slugs
  3 ribbon worms
  27 orcs
  A bat (D:2)
  7 endoplasms
  3 giant cockroaches
  5 goblins
  3 hobgoblins
  15 jackals
  2 quokkas
  3 ball pythons
  A frilled lizard (D:3)
  2 hobgoblin zombies (D:5)
  11 kobolds
  A kobold zombie (D:5)
  An orc zombie (D:5)
  3 rats (D:2)
162 creatures vanquished.

Vanquished Creatures (collateral kills)
  An orc warrior (D:8)
  2 ogres (D:4)
  2 wights
  An orc wizard (D:8)
  2 gnolls (D:5)
  3 orcs
  A kobold (D:8)
12 creatures vanquished.

Vanquished Creatures (others)
  4 dancing weapons
4 creatures vanquished.

Grand Total: 178 creatures vanquished

Notes
Turn   | Place    | Note
-------+----------+-------------------------------------------
     0 | D:1      | Toastz the Draconian Enchanter began the quest for the Orb.
     0 | D:1      | Reached XP level 1. HP: 14/14 MP: 3/3
   454 | D:1      | Reached XP level 2. HP: 22/22 MP: 5/5
   469 | D:1      | Reached skill level 3 in Hexes
   473 | D:1      | Learned a level 2 spell: Ensorcelled Hibernation
   843 | D:2      | Noticed Sigmund
   981 | D:2      | Reached skill level 1 in Fighting
   992 | D:2      | Reached XP level 3. HP: 28/28 MP: 6/6
  1069 | D:2      | Killed Sigmund
  1070 | D:2      | Reached skill level 4 in Hexes
  1070 | D:2      | Reached skill level 1 in Ice Magic
  1070 | D:2      | Reached XP level 4. HP: 36/36 MP: 4/7
  1070 | D:2      | Reached XP level 5. HP: 41/41 MP: 4/8
  1274 | D:2      | Found Loehed's Antique Weapon Shop.
  1463 | D:2      | Learned a level 3 spell: Confusing Touch
  2434 | D:3      | Found a faded altar of an unknown god.
  2434 | D:3      | Found a sparkling altar of Nemelex Xobeh.
  2440 | D:3      | Found a faded altar of an unknown god.
  2442 | D:3      | Found a stormy altar of Qazlal.
  2444 | D:3      | Found an ancient bone altar of Kikubaaqudgha.
  2638 | D:4      | Reached XP level 6. HP: 50/50 MP: 9/9
  2759 | D:4      | Learned a level 3 spell: Tukima's Dance
  2954 | D:4      | Found a broken altar of Ashenzari.
  3208 | D:4      | Found a shimmering blue altar of Sif Muna.
  3320 | D:4      | Your scales start taking on a dull iron-grey colour.
  3320 | D:4      | Reached XP level 7. HP: 11/57 MP: 5/10
  3695 | D:5      | Entered Level 5 of the Dungeon
  3702 | D:5      | Reached skill level 5 in Hexes
  3946 | D:5      | Found a shadowy altar of Dithmenos.
  3949 | D:5      | Found an ornate altar of the Wu Jian Council.
  3952 | D:5      | Became a worshipper of Dithmenos the Shadowed
  4119 | D:5      | Found a glowing golden altar of the Shining One.
  4123 | D:5      | Found a basalt altar of Yredelemnul.
  4126 | D:5      | Noticed a profane servitor
  4781 | D:5      | Noticed an angel
  4928 | D:6      | Reached XP level 8. HP: 65/66 MP: 7/11
  4941 | D:6      | Reached skill level 6 in Hexes
  5062 | D:6      | Reached skill level 5 in Stealth
  5086 | D:6      | Reached * piety under Dithmenos
  5109 | D:6      | Identified the +11 broad axe of Embarrassment {freeze, rC+
                  | rN+}
  5359 | D:6      | Found a white marble altar of Elyvilon.
  5628 | D:7      | Reached skill level 5 in Fighting
  5718 | D:7      | Reached skill level 7 in Hexes
  5722 | D:7      | Learned a level 3 spell: Dazzling Flash
  5775 | D:7      | Reached skill level 5 in Short Blades
  5779 | D:7      | Reached XP level 9. HP: 66/74 MP: 4/12
  5862 | D:7      | Found a staircase to the Ecumenical Temple.
  5878 | Temple   | Entered the Ecumenical Temple
  5896 | D:7      | Reached skill level 1 in Conjurations
  6179 | D:8      | Found Teomiuq's Weapon Boutique.
  6254 | D:8      | Reached ** piety under Dithmenos
  6756 | D:8      | Paralysed by a hornet for 1 turns
  7147 | D:8      | Reached skill level 8 in Hexes
  7525 | D:9      | Found a hide-covered altar of Uskayaw.
  7599 | D:9      | Reached XP level 10. HP: 61/84 MP: 8/13
  7805 | D:9      | Noticed a purple ugly thing
  7805 | D:9      | Noticed a seven-headed hydra
  7812 | D:9      | Slain by a seven-headed hydra

Illustrated notes

Levels and vault maps discovered:
D:1:      dpeg_arrival_refuge, layout_basic
D:2:      layout_basic, serial_shops, shop, uniq_sigmund
D:3:      cheibrodos_old_hovel, layout_basic,
          chequers_temple_overflow_minitemple
D:4:      layout_basic, ashenzari_conservatory_becter,
          mainiacjoe_overflow_alcove_2
D:5:      layout_basic, grunt_temple_overflow_holy_war,
          nicolae_overflow_squiral, minmay_mini_ossuary
D:6:      layout_loops_cross, elyvilon_altar_5
D:7:      layout_rooms, minmay_temple_entry_large_hall
D:8:      layout_cave_pools, serial_shops, nicolae_stop_n_shop_1, serial_bayou,
          serial_bayou_shore_b, serial_bayou_pond_b, serial_bayou_shore_a,
          serial_bayou_pond_b
D:9:      minmay_the_grid_triangle_9x9_rhombus_thin
          [minmay_the_grid_triangle_9x9_subtriangle,
          minmay_the_grid_triangle_9x9_prize_schism,
          minmay_the_grid_triangle_9x9_cache,
          minmay_the_grid_triangle_9x9_shrine], layout_loops_ring,
          nicolae_overflow_hidden_temple, hiddenorc1_lemuel,
          biasface_ghost_orc_armoury
Temple:   eino_wide_crystal_templ

Skill      XL: |  1  2  3  4  5  6  7  8  9 |
---------------+----------------------------+-----
Hexes          | 3 4 5 7 8 |  8.2
Fighting       | 1 2 3 4 5 6 |  6.4
Short Blades   | 2 3 4 5 6 |  6.0
Stealth        | 3 4 5 6 |  6.5
Ice Magic      | 1 2 |  2.0
Dodging        | 2 3 |  3.5
Conjurations   | 3 |  3.0
Spellcasting   | |  2.0

Action                     |  1- 3 |  4- 6 |  7- 9 | 10-12 || total
---------------------------+-------+-------+-------+-------++-------
  Melee: Dagger            |    59 |   100 |   287 |     1 ||   447
         Tailslap          |     7 |    13 |    47 |     1 ||    68
   Cast: Ensorcelled Hiber |     2 |     8 |    35 |       ||    45
         Tukima's Dance    |       |     2 |    12 |       ||    14
         Confusing Touch   |       |       |     8 |       ||     8
         Dazzling Flash    |       |       |     1 |       ||     1
Ability: Mud Breath        |       |       |     1 |       ||     1
  Evoke: Wand              |       |       |     7 |       ||     7
    Use: Scroll            |       |     4 |     4 |     1 ||     9
         Potion            |       |       |       |     1 ||     1
   Stab: Sleeping          |     4 |    14 |    27 |       ||    45
         Confused          |       |       |     3 |       ||     3
         Invisible         |       |       |     2 |       ||     2
         Distracted        |       |       |     1 |       ||     1
 Armour: Skin              |    33 |    62 |   186 |    18 ||   299
  Dodge: Dodged            |    43 |    37 |   157 |     9 ||   246

Table legend: (Time is in decaauts)
 A = Elapsed time spent in this place.
 B = Non-inter-level travel time spent in this place.
 C = Inter-level travel time spent in this place.
 D = Time resting spent in this place.
 E = Time spent auto-exploring this place.
 F = Levels seen in this place.
 G = Mean time per level.
                   A        B        C        D        E       F      G
               +--------+--------+--------+--------+--------+-----+--------+
         Total |   7743 |   7512 |    231 |   1233 |   4897 |  10 |  774.3 |
       Dungeon |   7741 |   7510 |    231 |   1233 |   4897 |   9 |  860.1 |
        Temple |      1 |      1 |      0 |      0 |      0 |   1 |    1.0 |
               +--------+--------+--------+--------+--------+-----+--------+

Top non-repeatable levels by time:
     D:8: 1326 daAuts
     D:4: 1142 daAuts
     D:2: 1091 daAuts
     D:5: 1048 daAuts
     D:1: 802 daAuts
     D:6: 780 daAuts
     D:3: 696 daAuts
     D:7: 561 daAuts
     D:9: 291 daAuts
  Temple: 1 daAuts
